 Dungeon Crawl Stone Soup version 0.25-a0-696-g42a9e46d90 (webtiles) character file.

Game seed: 6938498724994640575, levelgen mode: deterministic

17502 Glundar the Fighter (level 12, -4/100 HPs)
             Began as a Gnoll Wanderer on Mar 31, 2020.
             Was a High Priest of Okawaru.
             Slain by an ice devil (18 damage)
             ... in an ice cave.
             The game lasted 01:02:30 (14913 turns).

Glundar the Fighter (Gnoll Wanderer)               Turns: 14913, Time: 01:02:31

Health: -4/100     AC: 22    Str: 26    XL:     12   Next: 48%
Magic:  22/22      EV: 10    Int: 15    God:    Okawaru [*****.]
Gold:   543        SH:  5    Dex: 12    Spells: 25/25 levels left

rFire    . . .     SeeInvis .   Q - +2 flail of Death's Door {flame, Str+4}
rCold    . . .     Gourm    .   n - +0 buckler
rNeg     . . .     Faith    .   l - +1 plate armour {MR+}
rPois    .         Spirit   .   z - +1 helmet
rElec    .         Reflect  .   x - scarf {repulsion}
rCorr    .         Harm     +   k - +2 pair of gloves
MR       ++...                  F - +0 pair of boots
Stlth    ..........             G - amulet of harm
HPRegen  0.26/turn              y - ring of protection from magic
MPRegen  0.18/turn              E - +1 ring of protection

@: repel missiles
A: distributed training, fangs 1, strong nose
a: Heroism, Finesse, Renounce Religion


You were in an ice cave.
You worshipped Okawaru.
Okawaru was extremely pleased with you.
You were very hungry.

You visited 2 branches of the dungeon, and saw 13 of its levels.
You also visited: Ice Cave.

You collected 771 gold pieces.
You spent 228 gold pieces at shops.

Inventory:

Hand Weapons
 a - a +5 rapier of venom
 b - a +0 hand crossbow
 m - a +2 quarterstaff
 t - a +1 whip of freezing
 H - a +2 whip of draining
 O - a +1 whip of flaming
 Q - the +2 flail of Death's Door (weapon) {flame, Str+4}
   (You found it on level 7 of the Dungeon)

   It has been specially enchanted to burn those struck by it, causing extra
   injury to most foes and up to half again as much damage against particularly
   susceptible opponents.
   It affects your strength (+4).
 R - a +2 mace of holy wrath
 U - a +1 spear of venom
Missiles
 d - 2 curare-tipped darts (quivered)
 p - 105 sling bullets
 I - 73 bolts
 W - 18 poisoned darts
Armour
 k - a +2 pair of gloves (worn)
 l - a +1 plate armour of magic resistance (worn)
 n - a +0 buckler (worn)
 x - a scarf of repulsion (worn)
 z - a +1 helmet (worn)
 F - a +0 pair of boots (worn)
Jewellery
 y - a ring of protection from magic (left hand)
 E - a +1 ring of protection (right hand)
 G - an amulet of harm (around neck)
Wands
 L - a wand of polymorph (15)
 S - a wand of digging (8)
 T - a wand of paralysis (6)
 V - a wand of random effects (40)
Scrolls
 e - 3 scrolls of blinking
 g - a scroll of fear {unknown}
 h - 3 scrolls of magic mapping
 j - a scroll of enchant armour
 o - 4 scrolls of identify
 q - 8 scrolls of teleportation
 u - 2 scrolls of noise {unknown}
 v - 2 scrolls of remove curse
 K - 2 scrolls of enchant weapon {unknown}
 M - 3 scrolls of amnesia {unknown}
 Y - 2 scrolls of immolation {unknown}
Potions
 c - 5 potions of lignification
 i - a potion of magic
 s - 4 potions of curing
 w - a potion of invisibility
 A - a potion of heal wounds
 B - a potion of might
 C - 4 potions of flight
 D - 2 potions of berserk rage
 J - 2 potions of cancellation
 N - a potion of haste
 P - a potion of mutation
 Z - 2 potions of brilliance {unknown}
Comestibles
 f - 19 rations


   Skills:
 + Level 11.0 Fighting
 + Level 7.2 Short Blades
 + Level 7.2 Long Blades
 + Level 7.2 Axes
 + Level 7.7 Maces & Flails
 + Level 7.2 Polearms
 + Level 8.6 Staves
 + Level 7.2 Slings
 + Level 7.2 Bows
 + Level 7.2 Crossbows
 + Level 7.7 Throwing
 + Level 7.2 Armour
 + Level 7.2 Dodging
 + Level 7.6 Stealth
 + Level 7.2 Shields
 + Level 7.2 Unarmed Combat
 + Level 7.2 Spellcasting
 + Level 6.0 Conjurations
 + Level 6.0 Hexes
 + Level 6.0 Charms
 + Level 6.0 Summonings
 + Level 6.0 Necromancy
 + Level 6.0 Translocations
 + Level 6.0 Transmutations
 + Level 6.0 Fire Magic
 + Level 6.0 Ice Magic
 + Level 6.0 Air Magic
 + Level 6.0 Earth Magic
 + Level 6.0 Poison Magic
 + Level 7.9 Invocations
 + Level 7.7 Evocations


You had 25 spell levels left.
You didn't know any spells.
Your spell library was empty.

Dungeon Overview and Level Annotations

Branches:
Dungeon (12/15)            Temple (1/1) D:5            Lair (0/6) D:10
    Orc (0/2) D:9           IceCv (1/1)

Altars:
Ashenzari
Cheibriados
Dithmenos
Elyvilon
Fedhas
Gozag
Hepliaklqana
Kikubaaqudgha
Makhleb
Nemelex Xobeh
Okawaru
Qazlal
Ru
Sif Muna
Trog
Uskayaw
Vehumet
Wu Jian
Xom
Yredelemnul
Zin
The Shining One

Shops:
D:4 !   D:5 :   D:8 [

Annotations:
D:11 3 runed translucent doors, Vector13's ghost, journeyman DrCj IceCv exclusion: 2 ice statues


Innate Abilities, Weirdness & Mutations

Your experience applies equally to all skills.
You have very sharp teeth.
Your uncanny sense of smell can sniff out nearby items.


Message History

The ice beast hits you but does no damage.
The ice beast closely misses you.
You hit the ice statue but do no damage.
You bite the ice statue, but do no damage.
The ice statue is heavily damaged.
You are engulfed in freezing vapours.
The ice statue gestures.
The ice beast completely misses you.
The ice beast hits you but does no damage.
You block the ice beast's attack.
You feel much better.
You are engulfed in freezing vapours.
The ice statue gestures.
The ice statue gestures at you. The bolt of cold hits you!!
* * * LOW HITPOINT WARNING * * *
The bolt of cold hits the ice beast.
The ice beast completely resists.
The ice beast hits you but does no damage. x2
The ice beast closely misses you. The ice devil hits you.
* * * LOW HITPOINT WARNING * * *
The ice devil freezes you!
You die...

....... ....Y...8
#### .......Y##
##..##
.........######....##
...........##.......#
..⌠.............∩∩..#
.....°..............#
......YY°##..##....##
......4@########..##
......Y°8# ####
.....○..## .......##
.....## #####


You could see 2 ice statues, an ice devil and 5 ice beasts.

Vanquished Creatures
  A two-headed ogre (D:10)
  A queen ant (D:10)
  Nergalle (D:10)
  Pikel (D:7)
  A manticore (D:11)
  2 centaur zombies
  A gargoyle (D:12)
  A kobold demonologist (D:10)
  2 ice devils (IceCv)
  3 trolls
  Grinder (D:4)
  2 hippogriffs
  Sigmund (D:5)
  A wraith (D:12)
  2 vampires
  20 yaks
  Eustachio (D:5)
  4 hogs (D:8)
  The ghost of DasRunzen the Ducker, an amateur DgGl (D:3)
  A human (D:8)
  6 soldier ants (D:10)
  A water moccasin (D:8)
  5 orc warriors
  2 sky beasts
  3 necrophages
  5 ice beasts
  An eye of draining (D:11)
  7 ogres
  A black bear (D:11)
  8 centaurs
  4 big kobolds (D:9)
  10 bullfrogs
  3 scorpions
  A wyvern skeleton (D:4)
  15 killer bees
  A howler monkey (D:5)
  4 crimson imps
  A bullfrog zombie (D:11)
  4 jellies
  3 orc priests
  3 centaur skeletons
  2 hounds (D:8)
  3 gnoll shamans (D:9)
  2 bullfrog skeletons
  7 iguanas
  8 orc wizards
  21 worker ants
  Robin (D:4)
  3 worker ant zombies
  9 gnolls (D:9)
  13 adders
  A shadow imp (D:8)
  2 adder zombies
  5 worms
  A dart slug (D:1)
  8 leopard geckos
  46 orcs
  8 giant cockroaches
  13 goblins
  9 hobgoblins
  14 jackals
  12 kobolds
  8 quokkas
  6 bats
  2 frilled lizards
  2 leopard gecko skeletons
  8 rats
350 creatures vanquished.

Vanquished Creatures (others)
  An orc wizard (D:6)
  A worker ant (D:7)
  2 shadow imps (D:7)
  6 fungi (D:9)
  7 plants (D:9)
17 creatures vanquished.

Grand Total: 367 creatures vanquished

Notes
Turn   | Place    | Note
-------+----------+-------------------------------------------
     0 | D:1      | Glundar the Gnoll Wanderer began the quest for the Orb.
     0 | D:1      | Glundar set off with the following items: a +2
                  | quarterstaff, a scroll of teleportation, a potion of
                  | lignification, a +0 robe, a ration
     0 | D:1      | Reached XP level 1. HP: 26/26 MP: 2/2
   170 | D:1      | Reached XP level 2. HP: 32/33 MP: 3/3
   978 | D:2      | Reached XP level 3. HP: 38/38 MP: 4/4
  1189 | D:2      | Reached skill level 1 in Invocations
  1323 | D:2      | Reached skill level 1 in Short Blades
  1323 | D:2      | Reached skill level 1 in Long Blades
  1323 | D:2      | Reached skill level 1 in Axes
  1323 | D:2      | Reached skill level 1 in Polearms
  1323 | D:2      | Reached skill level 1 in Slings
  1323 | D:2      | Reached skill level 1 in Bows
  1323 | D:2      | Reached skill level 1 in Crossbows
  1323 | D:2      | Reached skill level 1 in Armour
  1323 | D:2      | Reached skill level 1 in Dodging
  1323 | D:2      | Reached skill level 1 in Shields
  1323 | D:2      | Reached skill level 1 in Unarmed Combat
  1323 | D:2      | Reached skill level 1 in Spellcasting
  1323 | D:2      | Reached XP level 4. HP: 36/45 MP: 4/6
  2052 | D:3      | Noticed a centaur
  2069 | D:3      | Reached skill level 1 in Conjurations
  2069 | D:3      | Reached skill level 1 in Hexes
  2069 | D:3      | Reached skill level 1 in Charms
  2069 | D:3      | Reached skill level 1 in Summonings
  2069 | D:3      | Reached skill level 1 in Necromancy
  2069 | D:3      | Reached skill level 1 in Translocations
  2069 | D:3      | Reached skill level 1 in Transmutations
  2069 | D:3      | Reached skill level 1 in Fire Magic
  2069 | D:3      | Reached skill level 1 in Ice Magic
  2069 | D:3      | Reached skill level 1 in Air Magic
  2069 | D:3      | Reached skill level 1 in Earth Magic
  2069 | D:3      | Reached skill level 1 in Poison Magic
  2078 | D:3      | Killed a centaur
  2078 | D:3      | Reached XP level 5. HP: 35/51 MP: 7/7
  2343 | D:3      | Reached XP level 6. HP: 56/57 MP: 8/8
  2660 | D:3      | Reached skill level 5 in Staves
  2672 | D:3      | Found a runed translucent door,
  2672 | D:3      | Noticed DasRunzen's ghost (amateur DgGl)
  2726 | D:3      | Killed DasRunzen's ghost
  2726 | D:3      | Reached XP level 7. HP: 7/63 MP: 10/10
  3737 | D:4      | Noticed Robin
  3819 | D:4      | Killed Robin
  3873 | D:4      | Found Otoish's Distillery,
  3882 | D:4      | Bought a potion of curing for 36 gold pieces
  3882 | D:4      | Bought a potion of heal wounds for 60 gold pieces
  3882 | D:4      | Bought a potion of flight for 36 gold pieces
  3882 | D:4      | Bought a potion of berserk rage for 60 gold pieces
  3882 | D:4      | Bought a potion of lignification for 36 gold pieces
  3930 | D:4      | Reached skill level 9 in Fighting
  4409 | D:4      | Reached XP level 8. HP: 58/71 MP: 12/12
  4576 | D:4      | Found an iron altar of Okawaru,
  4582 | D:4      | Became a worshipper of Warmaster Okawaru
  4694 | D:5      | Entered Level 5 of the Dungeon
  4846 | D:5      | Noticed Grinder
  4848 | D:5      | Paralysed by Grinder for 2 turns
  4893 | D:4      | Killed Grinder
  5287 | D:5      | Found a staircase to the Ecumenical Temple,
  5344 | D:5      | Noticed Sigmund
  5353 | D:5      | Reached * piety under Okawaru
  5371 | D:5      | Killed Sigmund
  5386 | D:5      | Noticed Eustachio
  5404 | D:5      | Killed Eustachio
  5404 | D:5      | Reached XP level 9. HP: 39/76 MP: 14/14
  5616 | D:5      | Found Odghen's Book Boutique,
  5648 | D:5      | Found a sacrificial altar of Ru,
  6093 | Temple   | Entered the Ecumenical Temple
  6648 | D:6      | Found a glowing silver altar of Zin,
  6649 | D:6      | Found a sparkling altar of Nemelex Xobeh,
  6740 | D:6      | Reached ** piety under Okawaru
  7084 | D:7      | Found a shadowy altar of Dithmenos,
  7093 | D:7      | Reached skill level 5 in Maces & Flails
  7093 | D:7      | Reached skill level 5 in Throwing
  7093 | D:7      | Reached skill level 5 in Evocations
  7121 | D:7      | Noticed Pikel
  7163 | D:7      | Killed Pikel
  7163 | D:7      | Reached skill level 5 in Stealth
  7371 | D:7      | Reached skill level 5 in Invocations
  7460 | D:7      | Got an iridescent flail
  7955 | D:8      | Reached XP level 10. HP: 66/82 MP: 17/17
  8630 | D:8      | Found a bloodstained altar of Trog,
  8722 | D:8      | Reached skill level 5 in Short Blades
  8722 | D:8      | Reached skill level 5 in Long Blades
  8722 | D:8      | Reached skill level 5 in Axes
  8722 | D:8      | Reached skill level 5 in Polearms
  8722 | D:8      | Reached skill level 5 in Slings
  8722 | D:8      | Reached skill level 5 in Bows
  8722 | D:8      | Reached skill level 5 in Crossbows
  8722 | D:8      | Reached skill level 5 in Armour
  8722 | D:8      | Reached skill level 5 in Dodging
  8722 | D:8      | Reached skill level 5 in Shields
  8722 | D:8      | Reached skill level 5 in Unarmed Combat
  8722 | D:8      | Reached skill level 5 in Spellcasting
  8747 | D:8      | Reached *** piety under Okawaru
  8762 | D:8      | Reached skill level 10 in Fighting
  9035 | D:8      | Found Tepiz's Antique Armour Boutique,
  9074 | D:8      | Found a basalt altar of Yredelemnul,
  9158 | D:9      | Found a hazy altar of Hepliaklqana,
  9163 | D:9      | Found a white marble altar of Elyvilon,
  9466 | D:9      | Found an ornate altar of the Wu Jian Council,
  9482 | D:9      | Found a staircase to the Orcish Mines,
  9861 | D:9      | Reached **** piety under Okawaru
 10137 | D:9      | Received a gift from Okawaru
 10701 | D:9      | Identified the +2 flail of Death's Door {flame, Str+4} (You
                  | found it on level 7 of the Dungeon)
 10759 | D:10     | Entered Level 10 of the Dungeon
 10793 | D:9      | Received a gift from Okawaru
 10793 | D:9      | Reached XP level 11. HP: 24/91 MP: 19/19
 10796 | D:9      | HP: 4/91 [yak (13)]
 11113 | D:10     | Noticed a two-headed ogre
 11137 | D:10     | Killed a two-headed ogre
 11262 | D:10     | Found a staircase to the Lair,
 11271 | D:10     | Noticed Nergalle
 11372 | D:10     | Killed Nergalle
 11372 | D:10     | Reached skill level 5 in Conjurations
 11372 | D:10     | Reached skill level 5 in Hexes
 11372 | D:10     | Reached skill level 5 in Charms
 11372 | D:10     | Reached skill level 5 in Summonings
 11372 | D:10     | Reached skill level 5 in Necromancy
 11372 | D:10     | Reached skill level 5 in Translocations
 11372 | D:10     | Reached skill level 5 in Transmutations
 11372 | D:10     | Reached skill level 5 in Fire Magic
 11372 | D:10     | Reached skill level 5 in Ice Magic
 11372 | D:10     | Reached skill level 5 in Air Magic
 11372 | D:10     | Reached skill level 5 in Earth Magic
 11372 | D:10     | Reached skill level 5 in Poison Magic
 11484 | D:10     | Noticed a queen ant
 11487 | D:10     | Reached ***** piety under Okawaru
 11502 | D:10     | Killed a queen ant
 11512 | D:10     | Received a gift from Okawaru
 12244 | D:10     | Received a gift from Okawaru
 12843 | D:11     | Reached XP level 12. HP: 85/99 MP: 22/22
 12987 | D:11     | Found a white marble altar of Elyvilon,
 13439 | D:11     | Found a runed translucent gate,
 13439 | D:11     | Found a runed translucent gate,
 13440 | D:11     | Found a runed translucent gate,
 13441 | D:11     | Noticed Vector13's ghost (journeyman DrCj)
 14264 | D:12     | Reached skill level 11 in Fighting
 14352 | D:12     | Found a frozen archway,
 14369 | IceCv    | Entered an ice cave
 14913 | IceCv    | Slain by an ice devil

Levels and vault maps discovered:
D:1:      psy_arrival_dodecagon, layout_basic
D:2:      layout_basic, minmay_misc_feat_cross, minmay_misc_feat_tower
D:3:      layout_loops_corners, first_ration, ebering_ghost_sewer_d,
          minmay_misc_feat_roman, grunt_ministairs_15, minmay_tree_intersection,
          guppyfry_early_orc_mine
D:4:      layout_loops_cross, old_standard_altar, serial_shops,
          nicolae_shop_stone, uniq_robin
D:5:      layout_loops_ring, minmay_temple_entry_slanted, serial_shops, shop,
          basic_altar, uniq_eustachio, uniq_grinder, uniq_sigmund
D:6:      layout_rooms, gammafunk_temple_overflow_statue
D:7:      minmay_octagon_keep, layout_basic, grunt_dithmenos_smoke, uniq_pikel
D:8:      layout_cave_pools, lemuel_coloured_pillars_altar,
          kennysheep_little_box, serial_shops, nicolae_shop_crystal,
          grunt_livestock, minivault_22, minmay_diced_spiral
D:9:      kennysheep_seaside_town, layout_rooms, lemuel_doored_altar,
          chequers_temple_overflow_statue_of_worship
D:10:     layout_roguey, lair_entry_dummy, minmay_another_anthill, uniq_nergalle
D:11:     layout_irregular_city, gammafunk_ghost_necromancy, elyvilon_altar_3
D:12:     layout_basic, portal_ice_cave_entry_pillars_1, serial_curves,
          eino_curves_04, eino_curves_02, chequers_serial_rivers_room_a,
          billiards_dpeg
Temple:   cyrus_circular_temple
IceCv:    ice_cave_tombish

Skill      XL: |  1  2  3  4  5  6  7  8  9 10 11 12 |
---------------+-------------------------------------+-----
Invocations    | 1 2 3 4 5 6 7 |  7.9
Short Blades   | 1 2 3 4 5 6 7 |  7.2
Long Blades    | 1 2 3 4 5 6 7 |  7.2
Axes           | 1 2 3 4 5 6 7 |  7.2
Polearms       | 1 2 3 4 5 6 7 |  7.2
Slings         | 1 2 3 4 5 6 7 |  7.2
Bows           | 1 2 3 4 5 6 7 |  7.2
Crossbows      | 1 2 3 4 5 6 7 |  7.2
Armour         | 1 2 3 4 5 6 7 |  7.2
Dodging        | 1 2 3 4 5 6 7 |  7.2
Shields        | 1 2 3 4 5 6 7 |  7.2
Unarmed Combat | 1 2 3 4 5 6 7 |  7.2
Spellcasting   | 1 2 3 4 5 6 7 |  7.2
Conjurations   | 1 2 3 4 5 6 |  6.0
Hexes          | 1 2 3 4 5 6 |  6.0
Charms         | 1 2 3 4 5 6 |  6.0
Summonings     | 1 2 3 4 5 6 |  6.0
Necromancy     | 1 2 3 4 5 6 |  6.0
Translocations | 1 2 3 4 5 6 |  6.0
Transmutations | 1 2 3 4 5 6 |  6.0
Fire Magic     | 1 2 3 4 5 6 |  6.0
Ice Magic      | 1 2 3 4 5 6 |  6.0
Air Magic      | 1 2 3 4 5 6 |  6.0
Earth Magic    | 1 2 3 4 5 6 |  6.0
Poison Magic   | 1 2 3 4 5 6 |  6.0
Maces & Flails | 3 4 5 6 7 |  7.7
Throwing       | 3 4 5 6 7 |  7.7
Evocations     | 3 4 5 6 7 |  7.7
Stealth        | 3 4 5 6 7 |  7.6
Staves         | 5 6 7 8 |  8.6
Fighting       | 9 10 11 | 11.0

Action                   |  1- 3 |  4- 6 |  7- 9 | 10-12 || total
-------------------------+-------+-------+-------+-------++-------
Melee: Quarterstaff      |    23 |       |       |       ||    23
       Bite              |     4 |    20 |    40 |    83 ||   147
       Whip              |    64 |   155 |   253 |       ||   472
       Rapier            |       |       |   151 |   692 ||   843
       Flail             |       |       |       |    17 ||    17
 Fire: Hand crossbow     |       |       |       |    10 ||    10
  Use: Potion            |       |     1 |     2 |     7 ||    10
       Scroll            |       |       |    11 |     2 ||    13
 Stab: Sleeping          |     2 |       |     4 |       ||     6
  Eat: Chunk             |     1 |     5 |    13 |    22 ||    41
       Ration            |       |       |     1 |       ||     1
Armor: Robe              |     7 |       |       |       ||     7
       Leather armour    |     7 |       |       |       ||     7
       Ring mail         |    13 |    37 |    30 |       ||    80
       Scale mail        |       |       |    91 |       ||    91
       Plate armour      |       |       |    13 |   374 ||   387
Dodge: Dodged            |    46 |    53 |   175 |   248 ||   522
       Deflected         |       |       |     5 |    13 ||    18
Block: Buckler           |     4 |    16 |    65 |   140 ||   225

Table legend:
 A = Non-vault XP
 B = Vault XP
 C = Vault XP percentage of total XP
 D = Non-vault monster count
 E = Vault monster count
 F = Vault count percentage of total count
                 A         B        C        D         E       F
            +---------+---------+-------+---------+---------+-------
      Total |   16538 |    8466 |  33.9 |     262 |      89 |  25.4
            +---------+---------+-------+---------+---------+-------
        D:1 |      31 |       0 |   0.0 |      18 |       0 |   0.0
        D:2 |      86 |       0 |   0.0 |      26 |       0 |   0.0
        D:3 |     344 |     481 |  58.3 |      27 |      20 |  42.6
        D:4 |     328 |     302 |  47.9 |       8 |       5 |  38.5
        D:5 |     855 |     429 |  33.4 |      22 |       2 |   8.3
        D:6 |     291 |       0 |   0.0 |      12 |       0 |   0.0
        D:7 |     472 |     933 |  66.4 |      12 |       7 |  36.8
        D:8 |    1148 |    1127 |  49.5 |      24 |       7 |  22.6
        D:9 |    1659 |    1337 |  44.6 |      19 |      24 |  55.8
       D:10 |    4558 |    3097 |  40.5 |      28 |      21 |  42.9
       D:11 |    4051 |       0 |   0.0 |      40 |       0 |   0.0
       D:12 |    2715 |      90 |   3.2 |      26 |       1 |   3.7
      IceCv |       0 |     670 | 100.0 |       0 |       2 | 100.0
            +---------+---------+-------+---------+---------+-------
